 Dungeon Crawl Stone Soup version 0.21-a0-244-gd4adca8 (webtiles) character file.

64 Chiseanne the Ducker (level 3, -6/17 HPs)
             Began as a Felid Monk on Sept 5, 2017.
             Killed from afar by an orc wizard (15 damage)
             ... with a puff of flame
             ... on level 3 of the Dungeon.
             The game lasted 00:05:49 (2493 turns).

Chiseanne the Ducker (Felid Monk)                   Turns: 2493, Time: 00:05:50

Health: -6/17      AC:  1    Str:  8    XL:     3   Next: 91%
Magic:  4/4        EV: 21    Int: 11    God:
Gold:   156        SH:  0    Dex: 18    Spells: 2/2 levels left
                                        Lives:  0   Deaths: 1

rFire    . . .     SeeInvis +     - Unarmed
rCold    + . .     Gourm    .   (shield unavailable)
rNeg     . . .     Faith    .   (armour unavailable)
rPois    +         Spirit   .   (helmet unavailable)
rElec    .         Reflect  .   (cloak unavailable)
rCorr    .         Harm     +   (gloves unavailable)
MR       .....                  (boots unavailable)
Stlth    +++.......             g - amulet of harm
HPRegen  0.05/turn              b - ring of protection from cold
MPRegen  0.09/turn              c - ring of poison resistance

@: quick
A: no armour, no weapons or thrown items, stealth, claws 1, fangs 3, see
invisible, carnivore 3, speed 1, shaggy fur 1, slow metabolism 1, sharp paws
a: no special abilities


You were on level 3 of the Dungeon.
You were very full.

You visited 1 branch of the dungeon, and saw 3 of its levels.

You collected 156 gold pieces.

Inventory:

Jewellery
 b - a ring of protection from cold (left paw)
 c - a ring of poison resistance (right paw)
 e - an uncursed ring of positive energy
 g - an amulet of harm (around neck)
 k - an uncursed ring of resist corrosion {unknown}
 l - a +2 ring of dexterity {unknown}
 n - a +3 ring of dexterity {unknown}
Wands
 m - a wand of flame (29/48)
Potions
 d - a potion of curing {unknown}
 h - 2 potions of berserk rage
 j - a potion of lignification {unknown}
Comestibles
 a - a meat ration
 f - a royal jelly


   Skills:
 * Level 3.6 Fighting
 * Level 5.1 Dodging
 * Level 4.1 Stealth
 * Level 3.7 Unarmed Combat


You had 2 spell levels left.
You didn't know any spells.

Dungeon Overview and Level Annotations

Branches:
Dungeon (3/15)

Altars:
Hepliaklqana
Uskayaw
Yredelemnul

Annotations:
D:2 2 transporters


Innate Abilities, Weirdness & Mutations

You cannot wear armour.
You are incapable of wielding weapons or throwing items.
Your paws allow you to move quietly. (Stealth)
You have sharp claws.
You have razor-sharp teeth.
You have supernaturally acute eyesight. (SInv)
You are carnivorous and can eat meat at any time.
You cover ground quickly.
You are covered in fur. (AC +1)
You have a slow metabolism.
Your sharp claws are effective at attacking unaware monsters.


Message History

You scratch the orc wizard but do no damage.
The orc wizard is moderately wounded.
The orc wizard hits you with a dagger of freezing.
The orc wizard closely misses you.
You scratch the orc wizard.
The orc wizard is almost dead.
The orc wizard hits you but does no damage.
The orc wizard closely misses you.
You scratch the orc wizard.
The orc wizard is almost dead.
The orc wizard misses you.
The orc wizard hits you but does no damage.
The orc wizard completely misses you.
You barely miss the orc wizard.
The orc wizard is almost dead.
The orc wizard closely misses you.
The orc wizard gestures at you while chanting.
The puff of flame hits you!
Ouch! That really hurt!
You die...

### ### #. #.# #.#
#..##########.########.#
#.......o#.............#
#.......o@....########.#
#..####.#####.# #.#
#.........# #.# .
#.........# #####.## ..
#.........####......##
..##............#........
........................#
...#....†........##.....#
...#............ #.....#


You could see 2 orc wizards.

Vanquished Creatures
  3 adders
  2 worms (D:2)
  9 leopard geckos
  An orc (D:3)
  11 bats
  4 giant cockroaches
  11 goblins
  3 hobgoblins
  4 jackals (D:2)
  5 frilled lizards
  7 kobolds
  4 rats
  A spectral orc (D:2)
65 creatures vanquished.

Notes
Turn   | Place    | Note
-------+----------+-------------------------------------------
     0 | D:1      | Chiseanne the Felid Monk began the quest for the Orb.
     0 | D:1      | Reached XP level 1. HP: 10/10 MP: 2/2
   196 | D:1      | Reached XP level 2. HP: 14/14 MP: 3/3
   880 | D:2      | Reached XP level 3. HP: 17/17 MP: 4/4
   886 | D:2      | Found a transporter.
   886 | D:2      | Found a transporter.
   913 | D:2      | Found a basalt altar of Yredelemnul.
  1442 | D:2      | Found a hazy altar of Hepliaklqana.
  1699 | D:2      | Reached XP level 4. HP: 21/21 MP: 5/5
  1759 | D:2      | Found a hide-covered altar of Uskayaw.
  2248 | D:3      | Slain by an orc wizard
  2249 | D:3      | Reached XP level 3. HP: -2/17 MP: 4/4
  2259 | D:3      | Reached skill level 5 in Dodging
  2493 | D:3      | Killed from afar by an orc wizard

Vault maps used:
D:1:      zaba_arrival_water
D:2:      gammafunk_temple_overflow_arena, yredelemnul_forgotten_temple_becter,
          lemuel_statue_altar

Skill      XL: |  1  2  3 |
---------------+----------+-----
Stealth        | 3 4 |  4.1
Dodging        | 5 |  5.1
Fighting       | |  3.6
Unarmed Combat | |  3.7

Action                   |  1- 3 |  4- 6 || total
-------------------------+-------+-------++-------
Melee: Unarmed           |   134 |    49 ||   183
       Bite              |     7 |     5 ||    12
       Punch             |     2 |       ||     2
  Use: Scroll            |    11 |       ||    11
 Stab: Sleeping          |    15 |     1 ||    16
       Distracted        |     1 |       ||     1
  Eat: Chunk             |    13 |     1 ||    14
Armor: Skin              |    11 |     1 ||    12
Dodge: Dodged            |   102 |    48 ||   150

Table legend:
 A = Spawn XP
 B = Non-spawn XP
 C = Spawn XP percentage of total XP
 D = Spawn monster count
 E = Non-spawn monster count
 F = Spawn count percentage of total count
 G = Total turns spent on level
                    A         B        C        D         E        F      G
               +---------+---------+-------+---------+---------+-------+---------
         Total |      25 |     133 |  15.8 |      13 |      52 |  20.0 |  2493
               +---------+---------+-------+---------+---------+-------+---------
           D:1 |      10 |      29 |  25.6 |       6 |      16 |  27.3 |   873
           D:2 |      15 |      58 |  20.5 |       7 |      24 |  22.6 |  1186
           D:3 |       0 |      46 |   0.0 |       0 |      12 |   0.0 |   434
               +---------+---------+-------+---------+---------+-------+---------
